Map: Interloper LE

Players

INnoVation

  • Race: Terran Terran
  • Spawn Location: 5:00

TRUE - Winner!

  • Race: Zerg Zerg
  • Spawn Location: 11:00

Event: 2017 WCS Global Finals

VOD

Have the link to the VOD?

Description

Time

  • Played on: Oct. 28, 2017, 1:34 p.m.
  • Length: 17:59

All games in this series

Show
View Real Time Build Order
Export as new Build Order

INnoVation Terran 

Build Orders: Liberator Opening, Reaper Expand 

Get SALT Encoding   

  12  0:00  SCV  
  13  0:12  SCV  
  14  0:17  Supply Depot  
  14  0:24  SCV  
  15  0:38  SCV  
  15  0:40  Barracks  
  16  0:44  Refinery  
  16  0:50  SCV  
  17  1:02  SCV  
  18  1:15  SCV  
  19  1:27  Reaper, Orbital Command  
  20  1:40  Command Center  
  20  1:51  Supply Depot  
  20  1:52  SCV  
  21  1:59  Marine  
  22  2:04  SCV  
  22  2:08  Factory  
  23  2:12  Refinery  
  23  2:17  SCV  
  23  2:22  Barracks Reactor  
  24  2:29  SCV  
  25  2:41  SCV  
  26  2:51  Starport  
  26  2:52  Orbital Command  
  26  2:54  SCV  
  27  3:01  Hellion x2  
  27  3:05  Barracks Tech Lab  
  31  3:06  SCV  
  32  3:16  Liberator  
  32  3:20  SCV x2  
  32  3:23  Hellion x2  
  37  3:27  Supply Depot  
  40  3:38  SCV  
  40  3:39  SCV  
  40  3:41  Supply Depot  
  42  3:44  Hellion x2  
  46  3:49  Armory  
  46  3:52  SCV x2  
  46  3:53  Barracks Tech Lab  
  48  4:03  Supply Depot  
  48  4:05  Hellion  
  48  4:06  Hellion  
  48  4:08  SCV  
  48  4:09  SCV  
  54  4:20  SCV  
  54  4:21  SCV  
  54  4:23  Raven  
  58  4:32  Command Center  
  58  4:37  SCV x2  
  58  4:38  Marine x2  
  60  4:41  Supply Depot  
  60  4:44  Siege Tank  
  65  4:49  SCV  
  65  4:51  SCV  
  66  4:56  Marine x2  
  64  5:14  Marine x2  
  61  5:23  Orbital Command  
  42  5:38  Marine x2  
  42  5:41  Hellion x5  
  38  5:57  Supply Depot  
  38  5:59  Supply Depot  
  38  6:00  SCV  
  38  6:03  SCV  
  37  6:05  Marine  
  37  6:10  Marine  
  37  6:11  Siege Tank  
  38  6:12  SCV  
  38  6:17  Banshee  
  36  6:19  SCV  
  36  6:25  Bunker  
  37  6:28  SCV  
  37  6:30  Marine x2  
  37  6:31  SCV  
  41  6:40  SCV  
  41  6:44  SCV  
  43  6:52  SCV  
  44  6:56  SCV  
  44  6:59  Hellion x2  
  44  7:00  Stimpack, Marine  
  50  7:04  SCV  
  50  7:08  SCV  
  52  7:11  Command Center  
  52  7:16  SCV  
  52  7:18  Supply Depot  
  52  7:20  SCV  
  52  7:21  Supply Depot  
  54  7:23  Starport Reactor  
  54  7:34  Barracks  
  54  7:38  Barracks  
  54  7:39  SCV x2, Marine  
  57  7:50  Engineering Bay  
  57  7:51  SCV x2  
  57  7:53  Engineering Bay  
  57  7:57  Marine  
  60  8:03  SCV x2  
  62  8:09  Starport Reactor  
  59  8:14  Refinery  
  59  8:15  SCV x2, Marine  
  59  8:16  Refinery  
  59  8:18  Terran Infantry Armor Level 1  
  59  8:19  Terran Infantry Weapons Level 1  
  62  8:23  Orbital Command  
  62  8:28  SCV x2  
  62  8:31  Marine x2  
  62  8:33  Marine  
  67  8:39  Siege Tank  
  67  8:40  SCV x2  
  72  8:45  Marine x2  
  72  8:46  Medivac, Orbital Command  
  72  8:47  Medivac  
  78  8:49  Hellion x2, Marine x2  
  78  8:52  SCV x2  
  82  9:00  Supply Depot  
  82  9:01  Supply Depot  
  82  9:03  Combat Shields  
  82  9:04  SCV x2  
  84  9:12  SCV  
  85  9:21  Siege Tank, SCV, Marine x4  
  85  9:22  Marine  
  85  9:23  Medivac x2, Supply Depot, SCV  
  85  9:24  SCV  
  100  9:33  SCV  
  100  9:36  Supply Depot  
  101  9:41  Supply Depot  
  101  9:43  SCV  
  101  9:45  SCV x2  
  102  9:47  Barracks  
  102  9:50  Barracks  
  103  9:53  Siege Tank  
  103  9:55  SCV, Marine x2  
  103  9:57  Marine x3  
  103  9:58  SCV  
  113  10:01  SCV  
  114  10:07  Supply Depot, SCV  
  114  10:10  Supply Depot, SCV  
  114  10:13  SCV  
  117  10:18  Refinery, Marine x2  
  117  10:19  SCV, Marine x3  
  123  10:22  SCV  
  124  10:29  Terran Infantry Armor Level 2, Siege Tank  
  124  10:33  Terran Infantry Weapons Level 2  
  127  10:37  SCV x3  
  130  10:44  Barracks Reactor x2  
  129  10:51  Marine x5  
  129  10:56  Command Center  
  131  11:02  Siege Tank  
  134  11:09  Marine x5  
  137  11:13  Medivac x2  
  141  11:18  Supply Depot  
  141  11:21  Supply Depot  
  141  11:23  SCV x2  
  129  11:30  SCV  
  130  11:35  SCV x2  
  130  11:36  Siege Tank  
  135  11:41  Factory  
  135  11:44  Medivac  
  135  11:45  Medivac  
  139  11:50  SCV x2  
  139  11:54  Marine x3  
  134  11:55  Marine  
  138  12:03  Refinery  
  138  12:07  Marine  
  138  12:08  Siege Tank, Marine x3  
  145  12:12  SCV x2  
  145  12:13  SCV  
  148  12:20  Missile Turret  
  148  12:24  SCV  
  149  12:36  Marine  
  148  12:37  Marine x4  
  141  12:50  Siege Tank  
  141  12:51  Orbital Command, Marine x4  
  133  12:54  Factory Tech Lab, Marine  
  133  12:55  Marine x4  
  133  12:57  SCV  
  108  13:09  SCV, Marine x4  
  108  13:10  SCV  
  103  13:14  Medivac  
  103  13:15  Medivac  
  102  13:22  SCV x2  
  104  13:32  SCV  
  105  13:34  SCV  
  101  13:44  Siege Tank x2  
  101  13:47  SCV x2  
  104  13:51  Terran Infantry Weapons Level 3  
  104  14:01  SCV x2  
  102  14:04  Orbital Command  
  102  14:09  Marine x5  
  102  14:10  Marine x2  
  108  14:17  Medivac x2  
  108  14:19  SCV x2  
  108  14:20  Supply Depot, Terran Infantry Armor Level 3  
  108  14:21  Supply Depot  
  114  14:27  Siege Tank  
  114  14:29  SCV  
  114  14:31  SCV x2  
  120  14:41  SCV  
  120  14:42  Supply Depot  
  120  14:43  SCV x2  
  120  14:44  Marine x5  
  128  14:53  SCV  
  128  14:55  SCV x2  
  128  14:57  Marine x2, Siege Tank  
  128  14:58  Marine  
  137  15:05  SCV  
  137  15:07  SCV x2, Marine x3  
  143  15:16  Siege Tank  
  143  15:18  SCV  
  143  15:19  SCV x2  
  143  15:20  Supply Depot x2  
  148  15:21  Marine  
  148  15:31  Sensor Tower, SCV  
  149  15:37  Marine  
  149  15:42  Siege Tank, Marine x7  
  161  15:47  Medivac x2  
  158  15:53  SCV  
  158  15:55  Marine, Bunker  
  158  15:59  Marine x3, Siege Tank  
  158  16:04  Supply Depot  
  162  16:05  Supply Depot  
  162  16:23  Command Center  
  162  16:28  Supply Depot, Siege Tank  
  162  16:29  Marine  
  162  16:30  Marine x6  
  175  16:40  Marine x2  
  173  16:48  Marine x3  
  166  16:58  Siege Tank  
  166  16:59  Marine  
  149  17:05  Marine x6  
  149  17:06  Siege Tank, Marine x2  
  149  17:08  SCV x3  
  150  17:17  Marine  
  151  17:22  Marine  
  151  17:23  Marine x5  
  156  17:34  Supply Depot  
  156  17:35  Supply Depot  
Show
View Real Time Build Order
Export as new Build Order

TRUE Zerg - Winner!

Build Orders: Hatch First 

Get SALT Encoding   

  12  0:01  Drone  
  13  0:13  Overlord  
  13  0:16  Drone  
  14  0:32  Drone x2  
  16  0:37  Drone  
  17  0:52  Hatchery  
  17  0:55  Drone  
  17  1:08  Spawning Pool  
  17  1:11  Extractor  
  15  1:13  Drone  
  15  1:16  Drone  
  17  1:19  Drone  
  18  1:30  Drone  
  19  1:40  Overlord  
  19  1:54  Queen  
  19  1:55  Zergling x2  
  22  2:01  Zergling x2  
  22  2:03  Queen  
  22  2:04  Zergling x2  
  26  2:11  Metabolic Boost  
  26  2:12  Drone  
  26  2:14  Drone  
  28  2:25  Drone x2  
  30  2:33  Queen  
  30  2:36  Drone x2  
  33  2:48  Pneumatized Carapace  
  33  2:50  Overlord  
  34  2:51  Drone  
  34  2:55  Drone  
  35  3:09  Drone  
  35  3:10  Drone x2  
  38  3:13  Drone  
  38  3:14  Drone  
  38  3:15  Drone  
  38  3:16  Drone x2  
  38  3:17  Drone  
  44  3:23  Overlord  
  44  3:33  Hatchery  
  43  3:41  Queen  
  45  3:50  Overlord  
  45  3:51  Evolution Chamber, Queen  
  46  3:57  Overlord  
  46  3:58  Overlord  
  46  4:01  Zergling x2  
  46  4:02  Zergling x8  
  51  4:03  Zergling x2  
  51  4:09  Zergling x4  
  54  4:12  Zergling x2  
  54  4:13  Zergling x4  
  57  4:18  Queen  
  57  4:20  Zergling x2  
  57  4:21  Zergling x2  
  57  4:22  Zergling x2  
  62  4:24  Zergling x2  
  62  4:25  Zergling x2  
  62  4:27  Zergling x2  
  62  4:30  Zergling x2  
  66  4:38  Queen  
  66  4:43  Zergling x2  
  69  4:45  Zergling x2  
  69  4:46  Zergling x4  
  69  4:48  Queen, Zergling x2  
  69  4:49  Zergling x2  
  69  4:52  Zergling x2  
  77  4:54  Zergling x2  
  77  5:01  Spine Crawler  
  77  5:04  Zergling x2  
  76  5:08  Zergling x2  
  76  5:11  Zergling x2  
  70  5:17  Zergling x2  
  58  5:28  Zergling x2  
  54  5:34  Zergling x2  
  39  5:42  Zergling x2  
  31  5:51  Zergling x2  
  31  5:52  Zergling x2  
  32  5:58  Zergling x2  
  32  6:04  Zergling x2  
  29  6:14  Drone  
  29  6:16  Drone  
  29  6:19  Drone  
  29  6:25  Drone  
  31  6:28  Drone  
  33  6:32  Drone  
  33  6:36  Drone  
  33  6:39  Drone  
  35  6:43  Drone  
  36  6:47  Drone  
  36  6:49  Drone  
  36  6:52  Drone  
  39  6:54  Drone  
  39  6:57  Drone  
  39  7:01  Drone  
  42  7:02  Drone  
  42  7:04  Drone  
  42  7:07  Drone  
  45  7:11  Drone x2  
  45  7:15  Drone x2  
  49  7:20  Queen  
  49  7:22  Drone  
  52  7:24  Drone  
  52  7:26  Drone  
  55  7:30  Drone x2  
  55  7:31  Drone  
  55  7:32  Drone  
  55  7:34  Drone  
  55  7:36  Drone  
  60  7:38  Drone  
  60  7:40  Drone  
  60  7:41  Drone  
  60  7:42  Drone  
  64  7:48  Queen  
  66  7:57  Queen  
  66  8:01  Spore Crawler  
  66  8:02  Drone  
  66  8:04  Drone  
  66  8:05  Drone  
  66  8:08  Overlord  
  66  8:09  Overlord  
  66  8:11  Zerg Ground Armor Level 1  
  66  8:12  Overlord  
  67  8:14  Overlord  
  67  8:16  Overlord  
  67  8:19  Overlord  
  67  8:23  Overlord  
  67  8:26  Overlord  
  67  8:27  Drone x3  
  67  8:31  Drone  
  67  8:32  Drone  
  72  8:34  Extractor  
  72  8:35  Extractor  
  72  8:36  Extractor  
  72  8:37  Drone x3  
  72  8:38  Evolution Chamber  
  72  8:39  Drone  
  72  8:40  Drone x3  
  75  8:42  Drone x2  
  75  8:47  Queen  
  79  8:50  Drone  
  79  8:51  Baneling Nest, Drone  
  79  8:52  Extractor, Drone  
  79  8:54  Drone  
  79  8:55  Drone  
  82  8:56  Drone  
  82  9:02  Drone  
  84  9:09  Zerg Melee Weapons Level 1  
  84  9:10  Drone  
  84  9:12  Lair  
  84  9:14  Drone x3, Hatchery  
  84  9:15  Drone  
  89  9:17  Drone  
  89  9:19  Drone  
  89  9:20  Drone  
  89  9:23  Drone x2  
  89  9:24  Drone x2  
  93  9:25  Drone  
  95  9:31  Overlord  
  95  9:36  Queen  
  95  9:38  Extractor  
  96  9:40  Zergling x16  
  96  9:42  Zergling x2  
  105  9:46  Zergling x6  
  105  9:47  Overlord  
  105  9:49  Overlord  
  105  9:50  Zergling x2  
  109  9:59  Zergling x2  
  110  10:00  Zergling x2  
  110  10:04  Zergling x2  
  110  10:05  Zergling x2  
  110  10:06  Zergling x6  
  118  10:07  Zergling x4  
  118  10:10  Zergling x2  
  118  10:12  Zergling x2  
  120  10:15  Zergling x2  
  120  10:16  Zergling x2  
  120  10:17  Centrifical Hooks  
  120  10:18  Zerg Ground Armor Level 2  
  120  10:20  Baneling x3, Zergling x2  
  120  10:21  Zergling x2  
  124  10:22  Hatchery, Zergling x2  
  124  10:23  Hydralisk Den  
  124  10:25  Zergling x2  
  124  10:26  Zergling x2  
  125  10:34  Zergling x6  
  125  10:35  Zergling x2  
  128  10:38  Zergling x4  
  128  10:39  Zergling x4  
  128  10:41  Baneling  
  128  10:42  Baneling x7  
  129  10:43  Zergling x2  
  129  10:46  Zergling x2  
  129  10:47  Zergling x4  
  129  10:48  Queen  
  133  10:54  Infestation Pit  
  133  10:55  Zergling x6  
  128  10:57  Zergling x2  
  128  10:58  Zergling x2  
  128  10:59  Muscular Augments  
  128  11:02  Zergling x4  
  128  11:03  Zergling x4  
  133  11:05  Zergling x2  
  133  11:06  Zergling x2  
  133  11:09  Zergling x2  
  131  11:17  Zerg Melee Weapons Level 2  
  131  11:20  Hatchery  
  131  11:24  Zergling x12  
  134  11:29  Baneling  
  134  11:30  Baneling x8  
  134  11:31  Hive, Hydralisk x4  
  141  11:34  Hydralisk  
  141  11:36  Hydralisk  
  146  11:48  Hatchery  
  146  11:49  Hydralisk x2  
  146  11:53  Overlord  
  143  11:54  Overlord, Hydralisk  
  143  11:58  Overlord  
  143  12:00  Overlord  
  145  12:01  Overlord  
  145  12:03  Overlord  
  145  12:06  Overlord  
  145  12:09  Overlord  
  145  12:11  Overlord  
  145  12:16  Zergling x12  
  145  12:18  Zergling x2  
  145  12:20  Zergling x2  
  153  12:26  Zergling x2  
  153  12:27  Hydralisk x2  
  153  12:28  Hydralisk x2  
  162  12:32  Zergling x2  
  162  12:35  Baneling x2  
  162  12:36  Baneling x2  
  161  12:37  Zergling x2  
  161  12:40  Zergling x2  
  161  12:43  Zergling x2  
  152  12:49  Zergling x8  
  149  12:53  Zergling x4  
  149  12:57  Hydralisk x3  
  147  12:59  Hydralisk x3  
  147  13:01  Hydralisk  
  151  13:05  Hydralisk  
  151  13:10  Hydralisk  
  151  13:11  Hydralisk x3  
  145  13:13  Hydralisk  
  145  13:17  Adrenal Glands  
  145  13:19  Viper  
  131  13:21  Zergling x2  
  131  13:25  Zergling x2  
  131  13:26  Zergling x2  
  137  13:34  Viper  
  137  13:38  Zergling x2  
  137  13:39  Zergling x2, Hatchery  
  134  13:45  Viper x2  
  134  13:47  Zergling x4  
  141  13:55  Baneling  
  141  13:56  Baneling x5  
  141  14:00  Zerg Melee Weapons Level 3  
  138  14:04  Zergling x2  
  139  14:11  Zerg Ground Armor Level 3  
  139  14:12  Zergling x4  
  139  14:15  Zergling x2  
  142  14:17  Zergling x2  
  142  14:19  Zergling x2  
  142  14:20  Zergling x2  
  142  14:22  Zergling x2  
  146  14:24  Zergling x2  
  146  14:26  Zergling x2  
  146  14:28  Zergling x2  
  146  14:30  Zergling x2  
  150  14:32  Zergling x2  
  150  14:33  Zergling x2  
  150  14:37  Zergling x2  
  150  14:38  Zergling x2  
  154  14:45  Zergling x6  
  157  14:47  Zergling x2  
  157  14:51  Zergling x4  
  157  14:52  Zergling x2  
  161  14:54  Zergling x2  
  161  14:55  Zergling x2  
  161  14:56  Zergling x2  
  162  15:17  Hatchery  
  161  15:28  Hydralisk  
  161  15:29  Hydralisk x6  
  161  15:30  Hydralisk  
  161  15:32  Viper  
  161  15:33  Zergling x2  
  161  15:35  Zergling x4  
  182  15:40  Zergling x8  
  182  15:42  Zergling x2  
  186  15:44  Zergling x2  
  187  15:50  Zergling x4  
  187  15:53  Zergling x4  
  191  16:02  Baneling x3  
  191  16:03  Baneling x9  
  190  16:11  Zergling x2  
  190  16:12  Zergling x14  
  190  16:14  Zergling x2  
  199  16:24  Zergling x2  
  200  16:34  Baneling  
  200  16:35  Baneling x7  
  200  16:38  Zergling x2  
  197  16:42  Zergling x2  
  197  16:44  Zergling x8  
  197  16:45  Zergling x4  
  197  16:46  Baneling x8  
  197  16:47  Baneling x2  
  192  16:53  Zergling x14  
  187  16:56  Zergling x2  
  187  17:00  Zergling x4  
  184  17:04  Zergling x2  
  184  17:05  Zergling x2  
  184  17:06  Zergling x2  
  181  17:11  Zergling x2  
  181  17:15  Zergling x2  
  180  17:16  Zergling x2  
  180  17:18  Zergling x4  
  183  17:24  Zergling x6  
  183  17:26  Zergling x2  
  183  17:27  Zergling x2  
  183  17:28  Zergling x4  
  190  17:37  Zergling x6  
  191  17:41  Zergling x4  
Tags
 
Add a new tag
Caveats
  • Supply blocks, unpowered buildings, or Contaminate may cause inaccurate times.
  • Supply counts are checked every 10 seconds.